 Dungeon Crawl Stone Soup version 0.29-a0-241-g20d21d4356 (webtiles) character file.

Game seed: 14197412623909168561

79 Ordine the Cudgeller (level 4, -10/27 HPs)
             Began as a Tengu Warper on Mar 4, 2022.
             Mangled by a gnoll
             ... wielding a +2 whip of distortion
              (21 damage)
             ... on level 2 of the Dungeon.
             The game lasted 00:03:47 (2121 turns).

Ordine the Cudgeller (Tengu Warper)                 Turns: 2121, Time: 00:03:47

Health: -10/27     AC:  3    Str: 13    XL:     4   Next: 37%
Magic:  8/8        EV: 12    Int: 13    God:
Gold:   124        SH:  0    Dex: 14    Spells: 7/7 levels left

rFire   . . .      SeeInvis .   a - +0 mace
rCold   . . .      Faith    .   (no shield)
rNeg    . . .      Spirit   .   b - +0 leather armour
rPois   .          Reflect  .   (helmet restricted)
rElec   .          Harm     .   (no cloak)
rCorr   .          Rampage  .   (no gloves)
Will    .....                   (boots unavailable)
Stlth   +.........              (no amulet)
HPRegen 0.09/turn               (no ring)
MPRegen 0.11/turn               (no ring)

@: invisible
A: beak, talons 3
a: no special abilities


You were on level 2 of the Dungeon.
You visited 1 branch of the dungeon, and saw 2 of its levels.

You collected 124 gold pieces.

Inventory:

Hand Weapons
 a - a +0 mace (weapon)
Missiles
 d - 5 boomerangs of dispersal
Armour
 b - a +0 leather armour (worn)
Scrolls
 c - 2 scrolls of blinking
 f - a scroll of holy word {unknown}
 h - a scroll of enchant armour {unknown}
 i - a scroll of identify {unknown}
Potions
 j - a potion of heal wounds {unknown}
 k - a potion of degeneration {unknown}
 l - a potion of flight {unknown}
 m - a potion of might {unknown}


   Skills:
 + Level 2.8 Fighting
 * Level 3.8 Maces & Flails
 + Level 2.1 Throwing
 - Level 1.1 Armour
 - Level 2.1 Dodging
 - Level 2.0 Spellcasting
 - Level 2.4 Translocations


You had 7 spell levels left.
You didn't know any spells.
Your spell library contained the following spells:

 Spells                   Type           Power      Damage    Failure   Level
 Blink                    Tloc           14%        N/A       19%         2
 Gell's Gravitas          Tloc           7%         N/A       36%         3
 Lesser Beckoning         Tloc           7%         N/A       36%         3
 Teleport Other           Tloc           7%         N/A       36%         3
 Manifold Assault         Tloc           7%         N/A       98%         5


Dungeon Overview and Level Annotations

Branches:
Dungeon (2/15)

Altars:

Shops:
D:2 =


Innate Abilities, Weirdness & Mutations

You have a beak for a mouth.
You have claws for feet.


Message History

A gnoll comes into view. It is wielding a +2 whip of distortion.
The gnoll shouts!
You hit the gnoll. Your kick misses the gnoll. Your peck misses the gnoll.
The gnoll is heavily wounded.
You hear a shout!
The gnoll hits you with a +0 spear.
The gnoll hits you from afar with a +0 spear.
The gnoll barely misses you.
It was a potion of invisibility.
You fade into invisibility!
The gnoll hits you from afar with a +0 spear.
The gnoll misses you.
You hit the gnoll. Your peck misses the gnoll.
The gnoll is severely wounded.
The gnoll hits you with a +0 spear.
* * * LOW HITPOINT WARNING * * *
You feel better. The gnoll barely misses you.
You closely miss the gnoll. You claw the gnoll, but do no damage.
The gnoll is severely wounded.
The gnoll hits you with a +0 spear.
You hit the gnoll.
You kill the gnoll!
The gnoll closely misses you.
Your Throwing skill increases to level 2!
The gnoll completely misses you.
Things that are here:
a +0 spear; a gnoll corpse You strike the helpless gnoll from behind!
You sock the gnoll! You claw the gnoll. Your peck misses the gnoll.
The gnoll is severely wounded.
The gnoll barely misses you. x2
You closely miss the gnoll. You peck the gnoll.
You kill the gnoll!
The gnoll barely misses you.
You sock the gnoll!
The gnoll is heavily wounded.
The gnoll hits you with a +2 whip of distortion.
Space warps horribly around you!!
Ouch! That really hurt!
You die...

#### ## ##### #... . ##...#
##..# ######## #....# #8..#
#......# #....# #..# #.####.#
##....#######..###.#.....
#......g@..##............
###....#######8..###.......
#......# ##..# #.###...
#......##### #..# ### #..#
#..g###....# ##..# #...
###...###....###⌠..########..
#.....g........##........##.#
#..............##......).##..
#..............##........####


You could see a gnoll.

Vanquished Creatures
  3 gnolls
  2 dart slugs (D:1)
  5 endoplasms
  4 giant cockroaches (D:1)
  A goblin (D:1)
  4 hobgoblins
  6 jackals (D:1)
  4 quokkas
  3 bats
  2 frilled lizards (D:1)
  3 kobolds (D:1)
  2 rats (D:1)
  A spectral kobold (D:1)
40 creatures vanquished.

Notes
Turn   | Place    | Note
-------+----------+-------------------------------------------
     0 | D:1      | Ordine the Tengu Warper began the quest for the Orb.
     0 | D:1      | Reached XP level 1. HP: 12/12 MP: 4/4
   161 | D:1      | Reached XP level 2. HP: 17/17 MP: 6/6
   488 | D:1      | Reached skill level 3 in Maces & Flails
   775 | D:1      | Reached XP level 3. HP: 22/22 MP: 7/7
   900 | D:1      | Found a faded altar of an unknown god.
  1954 | D:2      | Reached XP level 4. HP: 25/27 MP: 8/8
  1977 | D:2      | Found Sesuxosow's Jewellery Shop.
  2121 | D:2      | Mangled by a gnoll

Illustrated notes

Levels and vault maps discovered:
D:1:      saegor_arrival_simple_a, layout_basic,
          dreamdust_ecumenical_altar_drowned_temple
D:2:      layout_basic, serial_shops, nicolae_shop_advertising_works
          [nicolae_subvault_shop_adworks], serial_corexii_hall,
          chequers_hall_statues_wall_a, chequers_hall_statues_corner_a,
          chequers_garden

Skill      XL: |  1  2  3  4 |
---------------+-------------+-----
Maces & Flails | 3 |  3.8
Throwing       | 2 |  2.1
Fighting       | |  2.8
Armour         | |  1.1
Dodging        | |  2.1
Spellcasting   | |  2.0
Translocations | |  2.4

Action                   |  1- 3 |  4- 6 || total
-------------------------+-------+-------++-------
Melee: Mace              |    99 |     8 ||   107
       Kick              |    19 |     2 ||    21
       Peck              |    11 |     1 ||    12
       Punch             |     1 |       ||     1
  Use: Potion            |       |     3 ||     3
 Stab: Sleeping          |     1 |       ||     1
       Invisible         |       |     1 ||     1
Armor: Leather armour    |    20 |       ||    20
Dodge: Dodged            |    78 |     9 ||    87

Table legend: (Time is in decaauts)
 A = Elapsed time spent in this place.
 B = Non-inter-level travel time spent in this place.
 C = Inter-level travel time spent in this place.
 D = Time resting spent in this place.
 E = Time spent auto-exploring this place.
 F = Levels seen in this place.
 G = Mean time per level.
                   A        B        C        D        E       F      G
               +--------+--------+--------+--------+--------+-----+--------+
         Total |   2152 |   2140 |     12 |      0 |   1834 |   2 | 1076.0 |
       Dungeon |   2152 |   2140 |     12 |      0 |   1834 |   2 | 1076.0 |
               +--------+--------+--------+--------+--------+-----+--------+

Top non-repeatable levels by time:
     D:1: 1681 daAuts
     D:2: 471 daAuts
